 Dungeon Crawl Stone Soup version 0.31-a0-690-g7ce4588941 (webtiles) character file.

Game seed: 9858711297735327232

12954 Conn the Magician (level 12, -3/79 HPs)
             Began as an Octopode Fire Elementalist on Sept 6, 2023.
             Was an Elder of Sif Muna.
             Slain by a basilisk (5 damage)
             ... while petrified by a basilisk
             ... on level 1 of the Lair of Beasts.
             The game lasted 00:35:32 (16014 turns).

Conn the Magician (Octopode Fire Elementalist)     Turns: 16014, Time: 00:35:32

Health: -3/79      AC:  1    Str:  8    XL:     12   Next: 0%
Magic:  23/23      EV:  2    Int: 17    God:    Sif Muna [****..]
Gold:   866        SH:  0    Dex: 15    Spells: 15/26 levels left

rFire   + . .        a - staff of conjuration
rCold   + + .        z - +3 buckler
rNeg    + + +        (helmet restricted)
rPois   ∞            o - amulet of reflection
rElec   .            x - ring of Shadows {Umbra +Inv Stlth+}
rCorr   +            t - ring "Aryprete" {rF+ rC+ Dex+2}
SInv    .            g - ring of Hoda {+Blink rPois rCorr Int-4 Slay+4}
Will    .....        y - ring of poison resistance
Stlth   +++++++      G - ring of protection from cold
HPRegen 0.33/turn    (no ring)
MPRegen 0.18/turn    (no ring)
                     (no ring)

%: reflection
@: petrified, wreathed by umbra
A: almost no armour, amphibious, 8 rings, camouflage 1, gelatinous body 1,
(nimble swimmer 1), tentacles
a: Renounce Religion, Evoke Blink, Evoke Invisibility, Channel Magic, Forget
Spell, Divine Exegesis


You were on level 1 of the Lair of Beasts.
You worshipped Sif Muna.
Sif Muna was greatly pleased with you.
You visited 3 branches of the dungeon, and saw 14 of its levels.
You also visited: Sewer.

You collected 866 gold pieces.

Inventory:

Hand Weapons
 b - a +0 dagger of protection
 k - a +0 rapier
Missiles
 E - 4 curare-tipped darts
Armour
 z - a +3 buckler (worn)
 D - a +0 kite shield
Magical Staves
 a - a staff of conjuration (weapon)
Jewellery
 g - the ring of Hoda (on tentacle) {+Blink rPois rCorr Int-4 Slay+4}
   (You found it on level 6 of the Dungeon)

   [ring of resist corrosion]

   Int-4:     It affects your intelligence (-4).
   Slay+4:    It affects your accuracy & damage with ranged weapons and melee
   (+4).
   rPois:     It protects you from poison +Blink: It lets you blink.
   rCorr:     It protects you from acid and corrosion.
 o - an amulet of reflection (around mantle)
 p - an amulet of magic regeneration
 t - the ring "Aryprete" (right tentacle) {rF+ rC+ Dex+2}
   (You found it on level 5 of the Dungeon)

   [ring of protection from cold]

   Dex+2:     It affects your dexterity (+2).
   rF+:       It protects you from fire.
   rC+:       It protects you from cold.
 x - the ring of Shadows (left tentacle) {Umbra +Inv Stlth+}
   (You found it on level 5 of the Dungeon)

   [ring of stealth]

   Umbra:     It surrounds you with an aura of shadow, increasing your stealth
   and reducing the accuracy of all others within it.
   +Inv:      It lets you turn invisible.
   Stlth+:    It makes you more stealthy.
 y - a ring of poison resistance (on tentacle)
 G - a ring of protection from cold (on tentacle)
Wands
 q - a wand of flame (76)
 r - a wand of mindburst (4)
 F - a wand of acid (4)
Scrolls
 c - 2 scrolls of enchant weapon
 d - 4 scrolls of teleportation
 f - a scroll of noise
 l - 3 scrolls of blinking
 m - 2 scrolls of fog
 n - a scroll of revelation
 s - 3 scrolls of summoning
 A - 3 scrolls of vulnerability
 B - 3 scrolls of immolation
Potions
 e - 4 potions of curing
 h - 2 potions of berserk rage
 i - 3 potions of magic
 j - 2 potions of enlightenment
 u - a potion of brilliance
 v - a potion of haste
 w - a potion of lignification
 C - 2 potions of might {unknown}
 H - a potion of invisibility
 I - a potion of heal wounds {unknown}
 J - 2 potions of mutation {unknown}


   Skills:
 * Level 6.2 Fighting
 + Level 6.2 Dodging
 - Level 4.0 Stealth
 * Level 5.6 Shields
 * Level 7.9 Spellcasting
 - Level 6.1 Conjurations
 - Level 3.0 Hexes
 + Level 1.5 Summonings
 + Level 6.5 Fire Magic
 * Level 7.5 Invocations
 * Level 7.2 Evocations


You had 15 spell levels left.
You knew the following spells:

 Your Spells              Type           Power      Damage    Failure   Level
a - Foxfire               Conj/Fire      100%       2x1d9     1%          1
b - Scorch                Fire           58%        2d7       1%          2
c - Inner Flame           Hex/Fire       23%        N/A       6%          3
d - Flame Wave            Conj/Fire      42%        2d11      12%         4
e - Summon Small Mammal   Summ           44%        N/A       9%          1

Your spell library contained the following spells:

 Spells                   Type           Power      Damage    Failure   Level
 Slow                     Hex            64%        N/A       4%          1
 Volatile Blastmotes      Fire/Tloc      34%        2d12      12%         3
 Apportation              Tloc           12%        N/A       16%         1
 Necrotise                Necr           24%        1d5       16%         1
 Portal Projectile        Hex/Tloc       22%        N/A       26%         3
 Manifold Assault         Tloc           6%         N/A       83%         4
 Summon Mana Viper        Hex/Summ       14%        N/A       86%         5
 Silence                  Hex/Air        5%         N/A       93%         5
 Dispersal                Tloc           3%         N/A       100%        6
 Summon Cactus Giant      Summ           5%         N/A       100%        6
 Disjunction              Tloc           3%         N/A       100%        8


Dungeon Overview and Level Annotations

Branches:
Dungeon (12/15)            Temple (1/1) D:4            Lair (1/5) D:11
    Orc (0/2) D:12          Sewer (visited)

Altars:
Ashenzari
Cheibriados
Dithmenos
Elyvilon
Fedhas
Gozag
Hepliaklqana
Kikubaaqudgha
Makhleb
Nemelex Xobeh
Okawaru
Qazlal
Ru
Sif Muna
Trog
Uskayaw
Vehumet
Wu Jian
Xom
Yredelemnul
Zin
The Shining One

Annotations:
D:9 exclusion: obsidian statue


Innate Abilities, Weirdness & Mutations

You cannot wear most types of armour.
You are amphibious.
You can wear up to eight rings at the same time.
Your skin changes colour to match your surroundings (Stealth+).
Your rubbery body absorbs attacks. (AC +1, EV +1)
((You are camouflaged when in or above water. (Stealth+)))
You have tentacles for arms and can constrict up to eight enemies at once.


Message History

The flame wave engulfs the blink frog!
The blink frog is heavily wounded.
The flame wave engulfs the basilisk!
The basilisk is moderately wounded. (Press . to intensify the flame waves.)
The blink frog blinks!
You block the bullfrog's attack. The basilisk gazes at you.
You resist with some effort.
Your limbs are stiffening.
Unknown command.
A wave of flame ripples out!
The flame wave engulfs the bullfrog!
The bullfrog is heavily wounded.
The flame wave engulfs the basilisk!!
The basilisk is severely wounded.
You block the bullfrog's attack. x2; You block the basilisk's attack.
The bullfrog barely misses you. The basilisk bites you!
You have turned to stone.
The blink frog blinks!
The bullfrog hits you. The blink frog hits you.
The blink frog blinks!
The basilisk bites you! The bullfrog hits you. The blink frog hits you!
The basilisk gazes at you. You resist with some effort.
The bullfrog barely misses you. The blink frog hits you. The bullfrog hits you.
The basilisk bites you! The blink frog hits you!
The blink frog blinks!
You feel less invigorated.
The bullfrog hits you. x2; The basilisk bites you!!
* * * LOW HITPOINT WARNING * * *
The bullfrog hits you!
* * * LOW HITPOINT WARNING * * *
The basilisk bites you.
* * * LOW HITPOINT WARNING * * *
The blink frog blinks!
The bullfrog hits you.
The blink frog blinks!
The basilisk gazes at you. You resist with some effort. The bullfrog hits you.
* * * LOW HITPOINT WARNING * * *
The blink frog blinks!
The bullfrog hits you.
* * * LOW HITPOINT WARNING * * *
The basilisk bites you!
* * * LOW HITPOINT WARNING * * *
The bullfrog hits you but does no damage.
The basilisk bites you!
You die...

#..#.##..8...#. .#.8
..!........
#...............
#8.>....8.>.8..8
....#...!.....
8.....§......
######.#F†l8...## .#
#........@§...F.#
...###................
....#..........#....8.
#.............##.F...
#.............# ##...
##..............# #.
##.............♣♣~#
##.............♣♣ ~♣
.............P♣~~~


P You could see a basilisk, 2 blink frogs and a bullfrog.

Vanquished Creatures
  The ghost of hitsuchi the Earth Mage, a journeyman MeEE of Vehumet (D:12)
  A hydra (D:12)
  A boulder beetle (D:12)
  A deep elf pyromancer (D:12)
  An ugly thing (D:11)
  A cane toad (Lair:1)
  A kobold demonologist (D:8)
  Psyche (D:8)
  2 gargoyles
  A troll (D:12)
  2 blink frogs (Lair:1)
  Prince Ribbit (D:5)
  2 wyverns
  2 vampires
  6 yaks (D:8)
  4 vampire mosquitoes (D:12)
  Edmund (D:5)
  Menkaure (D:6)
  4 wargs (D:12)
  Duvessa (D:5)
  4 acid dragons
  4 water moccasins
  An ice beast (D:7)
  Pargi (Sewer)
  3 black bears
  An orc warrior (D:6)
  An ogre (D:5)
  The ghost of Heedrag the Changeling, an amateur DsSh (D:3)
  4 centaurs
  2 phantoms
  7 kobold brigands
  A scorpion (D:6)
  2 bullfrogs (D:7)
  3 gnoll sergeants
  Dowan (D:5)
  17 killer bees
  2 electric eels (Lair:1)
  4 crimson imps (D:11)
  5 hounds
  A jelly (D:7)
  8 orc priests
  2 gnoll boudas
  Crazy Yiuf (D:5)
  5 iguanas
  5 orc wizards
  24 gnolls
  7 adders
  2 white imps
  5 ufetubi
  4 worms (D:4)
  A dart slug (D:1)
  27 orcs
  10 bats
  8 endoplasms
  4 giant cockroaches
  7 goblins
  9 hobgoblins
  8 jackals
  36 kobolds
  6 quokkas
  11 ball pythons
  5 frilled lizards
  7 rats
302 creatures vanquished.

Vanquished Creatures (collateral kills)
  A foxfire (Lair:1)
1 creature vanquished.

Vanquished Creatures (others)
  691 foxfires
691 creatures vanquished.

Grand Total: 994 creatures vanquished

Notes
Turn   | Place    | Note
-------+----------+-------------------------------------------
     0 | D:1      | Conn the Octopode Fire Elementalist began the quest for the
                  | Orb.
     0 | D:1      | Reached XP level 1. HP: 11/11 MP: 3/3
   112 | D:1      | Reached XP level 2. HP: 17/17 MP: 3/5
   510 | D:1      | Reached XP level 3. HP: 13/21 MP: 3/6
   594 | D:1      | Found a faded altar of an unknown god.
  1553 | D:2      | Reached XP level 4. HP: 16/27 MP: 0/7
  1837 | D:2      | Found a glowing golden altar of the Shining One.
  2485 | D:3      | Learned a level 2 spell: Scorch
  2489 | D:3      | Learned a level 3 spell: Inner Flame
  2502 | D:3      | Found a hide-covered altar of Uskayaw.
  2720 | D:3      | Reached XP level 5. HP: 31/31 MP: 2/8
  3029 | D:3      | Noticed a phantom
  3031 | D:3      | Found a runed translucent gate.
  3031 | D:3      | Found a runed translucent gate.
  3031 | D:3      | Found a runed translucent gate.
  3034 | D:3      | Noticed Heedrag's ghost (amateur DsSh)
  3034 | D:3      | Noticed a kobold brigand
  3039 | D:3      | Killed a phantom
  3315 | D:3      | Learned a level 4 spell: Flame Wave
  3319 | D:3      | Reached XP level 6. HP: 36/36 MP: 6/10
  3689 | D:3      | Killed Heedrag's ghost
  3882 | D:4      | Found an ancient bone altar of Kikubaaqudgha.
  3940 | D:4      | Found a glowing drain.
  4013 | Sewer    | Entered a sewer
  4090 | Sewer    | Noticed Pargi
  4097 | Sewer    | Killed Pargi
  4098 | Sewer    | Reached XP level 7. HP: 41/41 MP: 4/12
  5243 | D:4      | Found a staircase to the Ecumenical Temple.
  5258 | D:4      | Learned a level 1 spell: Summon Small Mammal
  5260 | Temple   | Entered the Ecumenical Temple
  5296 | D:4      | Found a snail-covered altar of Cheibriados.
  5369 | D:4      | Found a glowing silver altar of Zin.
  5424 | D:4      | Found a sacrificial altar of Ru.
  5477 | D:5      | Entered Level 5 of the Dungeon
  5514 | D:5      | Found a sparkling altar of Nemelex Xobeh.
  5521 | D:5      | Found an ornate altar of the Wu Jian Council.
  5530 | D:5      | Found a shimmering blue altar of Sif Muna.
  5534 | D:5      | Became a worshipper of Sif Muna the Loreminder
  5540 | D:5      | Found an opulent altar of Gozag.
  5540 | D:5      | Found the ring of Shadows {Umbra +Inv Stlth+}
  5640 | D:5      | Noticed Edmund
  6014 | D:5      | Reached skill level 1 in Invocations
  6014 | D:5      | Reached skill level 1 in Evocations
  6014 | D:5      | Reached XP level 8. HP: 47/47 MP: 4/14
  6016 | D:5      | Killed Edmund
  6131 | D:5      | Noticed Prince Ribbit
  6138 | D:5      | Killed Prince Ribbit
  6139 | D:5      | Reached skill level 1 in Fighting
  6139 | D:5      | Reached skill level 5 in Conjurations
  6207 | D:5      | Identified the ring "Aryprete" {rF+ rC+ Dex+2}
  6253 | D:5      | Noticed Dowan
  6254 | D:5      | Noticed Duvessa
  6258 | D:5      | Killed Duvessa
  6259 | D:5      | Reached skill level 5 in Spellcasting
  6263 | D:5      | Killed Dowan
  6569 | D:5      | Found a runed translucent door.
  6570 | D:5      | Noticed Crazy Yiuf
  6575 | D:5      | Killed Crazy Yiuf
  6838 | D:5      | Got the Notes on Arson and Enchantment
  6887 | D:6      | Found a broken altar of Ashenzari.
  6979 | D:6      | Reached skill level 5 in Fire Magic
  7074 | D:6      | Identified the ring of Hoda {+Blink rPois rCorr Int-4
                  | Slay+4}
  7134 | D:6      | Reached XP level 9. HP: 52/54 MP: 5/16
  7333 | D:6      | Found a basalt altar of Yredelemnul.
  7996 | D:6      | Reached * piety under Sif Muna
  8195 | D:6      | Noticed Menkaure
  8200 | D:6      | Killed Menkaure
  8644 | D:7      | Found a radiant altar of Vehumet.
  8858 | D:7      | You fall into a shaft and drop 2 floors!
  9113 | D:7      | Identified the +2 helmet of Failure {rN+ Will+ Dex+2}
  9582 | D:8      | Reached skill level 1 in Shields
  9585 | D:8      | Reached ** piety under Sif Muna
  9704 | D:8      | Reached skill level 5 in Dodging
  9863 | D:8      | Noticed a kobold demonologist
  9869 | D:8      | Killed a kobold demonologist
  9870 | D:8      | Reached skill level 1 in Hexes
  9870 | D:8      | Reached XP level 10. HP: 63/63 MP: 1/19
 10041 | D:8      | Reached skill level 5 in Invocations
 10123 | D:8      | Noticed Psyche
 10127 | D:8      | Killed Psyche
 10128 | D:8      | Reached skill level 5 in Evocations
 10968 | D:9      | Noticed an obsidian statue
 11205 | D:9      | Found a hazy altar of Hepliaklqana.
 11212 | D:9      | Found a blossoming altar of Fedhas.
 11345 | D:9      | Reached *** piety under Sif Muna
 12017 | D:9      | Found a white marble altar of Elyvilon.
 12304 | D:10     | Entered Level 10 of the Dungeon
 12562 | D:10     | Noticed a gargoyle
 12572 | D:10     | Killed a gargoyle
 12573 | D:10     | Reached XP level 11. HP: 46/70 MP: 8/21
 12791 | D:10     | Identified the +0 chain mail of Refuge {Drain rC- rN++
                  | Dex+8}
 13090 | D:11     | Reached skill level 5 in Fighting
 13249 | D:11     | Noticed a green ugly thing
 13260 | D:11     | Killed a green ugly thing
 13574 | D:11     | Found a staircase to the Lair.
 13697 | D:11     | Found a shimmering altar of Xom.
 13738 | D:12     | Noticed a five-headed hydra
 13749 | D:12     | Killed a five-headed hydra
 13772 | D:12     | Noticed a deep elf pyromancer
 14306 | D:12     | Found a staircase to the Orcish Mines.
 14391 | D:12     | Noticed a boulder beetle
 14556 | D:12     | Killed a boulder beetle
 14557 | D:12     | Reached skill level 5 in Shields
 14568 | D:12     | Killed a deep elf pyromancer
 14805 | D:12     | Reached skill level 1 in Summonings
 14884 | D:12     | Reached **** piety under Sif Muna
 15289 | D:12     | Found a runed translucent door.
 15289 | D:12     | Noticed hitsuchi's ghost (journeyman MeEE)
 15534 | D:12     | Killed hitsuchi's ghost
 15837 | Lair:1   | Entered Level 1 of the Lair of Beasts
 16001 | Lair:1   | Reached XP level 12. HP: 56/79 MP: 0/23
 16013 | Lair:1   | HP: 1/79 [basilisk (6)]
 16014 | Lair:1   | Slain by a basilisk

Illustrated notes

Levels and vault maps discovered:
D:1:      minmay_arrival_radiant_lines, layout_basic,
          hellmonk_ecumenical_altar_arch_garden, minmay_misc_feat_roman,
          st_stairs_12
D:2:      layout_rooms, basic_altar, kennysheep_small_spiral
D:3:      layout_loops_ring, nicolae_overflow_hidden_temple,
          gammafunk_ghost_nasty_kobolds, st_stairs_8
D:4:      black_bear_nest_2, layout_loops_ring, cheibriados_altar_1,
          zin_statuary, nicolae_ru_path_of_blood, mainiacjoe_overflow_catwalk,
          minmay_temple_entry_offerings, portal_sewer_entry_b,
          kennysheep_generic_room_4
D:5:      layout_gridville, grunt_temple_overflow_cloverleaf,
          uniq_crazy_yiuf_cottage, uniq_prince_ribbit1, uniq_edmund,
          uniq_duvessa
D:6:      layout_basic, nicolae_ashenzari_panopticon,
          mainiacjoe_overflow_small_starburst, uniq_menkaure
D:7:      layout_loops_ring, nicolae_vehumet_radiance
D:8:      layout_loops_ring, kennysheep_generic_room_10, uniq_psyche
D:9:      layout_roguey, fedhas_bush_and_centaur_altar, lemuel_tele_altar,
          elyvilon_altar_5, minivault_16
D:10:     layout_basic
D:11:     layout_big_octagon, lair_entry_dummy, led_xom_imps
D:12:     layout_loops_ring, minmay_orc_entry_guard_dogs, gammafunk_ghost_grave
Temple:   hellmonk_temple_beads
Lair:1:   layout_cave_pods, serial_bayou, serial_bayou_lake_a,
          serial_bayou_pond_e, serial_bayou_pond_e, serial_bayou_pond_a,
          grunt_megastairs_3, lemuel_fruit_fields

Skill      XL: |  1  2  3  4  5  6  7  8  9 10 11 |
---------------+----------------------------------+-----
Stealth        | 3 4 |  4.0
Conjurations   | 2 3 4 5 6 |  6.1
Dodging        | 3 4 5 6 |  6.2
Spellcasting   | 3 4 5 6 7 |  7.9
Fire Magic     | 4 5 6 |  6.5
Invocations    | 1 3 4 6 7 |  7.5
Evocations     | 1 3 4 6 7 |  7.2
Fighting       | 1 3 4 6 |  6.2
Shields        | 2 4 5 |  5.6
Hexes          | 1 2 3 |  3.0
Summonings     | 1 |  1.5

Action                     |  1- 3 |  4- 6 |  7- 9 | 10-12 || total
---------------------------+-------+-------+-------+-------++-------
  Melee: Constrict         |    10 |     9 |     4 |     6 ||    29
         Tentacles         |     4 |     6 |     2 |     6 ||    18
         Unarmed           |     1 |       |       |       ||     1
         Rapier            |    29 |       |       |       ||    29
         Staff             |     8 |    25 |    19 |    24 ||    76
         Punch             |       |       |     1 |       ||     1
  Throw: Dart              |       |     2 |       |       ||     2
   Cast: Foxfire           |    62 |    97 |   109 |   142 ||   410
         Scorch            |       |    11 |   101 |    72 ||   184
         Inner Flame       |       |     2 |     6 |    29 ||    37
         Flame Wave        |       |     1 |     7 |    29 ||    37
         Summon Small Mamm |       |       |     1 |    20 ||    21
 Invoke: Channel Magic     |       |       |       |     3 ||     3
Ability: Evoke Blink       |       |       |       |     4 ||     4
    Use: Scroll            |       |     7 |     5 |     7 ||    19
         Potion            |       |     2 |       |     1 ||     3
   Stab: Sleeping          |     1 |     2 |     1 |       ||     4
 Armour: Skin              |    26 |    17 |    35 |    70 ||   148
  Dodge: Dodged            |    43 |    27 |    77 |    73 ||   220
  Block: Other             |       |     3 |    14 |    11 ||    28
         Reflection        |       |       |     6 |     2 ||     8
         Buckler           |       |       |       |    42 ||    42

Table legend: (Time is in decaauts)
 A = Elapsed time spent in this place.
 B = Non-inter-level travel time spent in this place.
 C = Inter-level travel time spent in this place.
 D = Time resting spent in this place.
 E = Time spent auto-exploring this place.
 F = Levels seen in this place.
 G = Mean time per level.
                   A        B        C        D        E       F      G
               +--------+--------+--------+--------+--------+-----+--------+
         Total |  16037 |  15666 |    371 |   1770 |  10654 |  15 | 1069.1 |
       Dungeon |  15655 |  15285 |    370 |   1770 |  10416 |  12 | 1304.6 |
        Temple |     17 |     17 |      0 |      0 |      0 |   1 |   17.0 |
          Lair |    177 |    177 |      0 |      0 |    106 |   1 |  177.0 |
         Sewer |    186 |    186 |      0 |      0 |    132 |   1 |  186.0 |
               +--------+--------+--------+--------+--------+-----+--------+

Top non-repeatable levels by time:
    D:12: 1791 daAuts
     D:6: 1625 daAuts
     D:3: 1550 daAuts
     D:1: 1395 daAuts
     D:9: 1384 daAuts
     D:4: 1355 daAuts
     D:7: 1329 daAuts
     D:5: 1293 daAuts
     D:8: 1101 daAuts
     D:2: 1082 daAuts
    D:11: 983 daAuts
    D:10: 761 daAuts
   Sewer: 186 daAuts
  Lair:1: 177 daAuts
  Temple: 17 daAuts
